 Dungeon Crawl Stone Soup version 0.22.0-25-g7663229 (webtiles) character file.

270 Amnesiac the Gusty (level 6, -9/41 HPs)
             Began as a Mummy Air Elementalist on Aug 20, 2018.
             Killed by divine providence
             ... invoked by an orc priest
              (13 damage)
             ... on level 4 of the Dungeon.
             The game lasted 00:03:56 (1383 turns).

Amnesiac the Gusty (Mummy Air Elementalist)         Turns: 1383, Time: 00:03:56

Health: -9/41      AC:  5    Str: 11    XL:     6   Next: 1%
Magic:  3/13       EV: 12    Int: 17    God:
Gold:   39         SH:  0    Dex: 12    Spells: 7/14 levels left

rFire    x . .     SeeInvis .   e - -2 trident (curse)
rCold    + . .     Gourm    .   (no shield)
rNeg     + + +     Faith    .   a - +0 robe
rPois    ∞         Spirit   .   (no helmet)
rElec    .         Reflect  .   (no cloak)
rCorr    .         Harm     .   (no gloves)
MR       .....                  (no boots)
Stlth    ++........             (no amulet)
HPRegen  0.13/turn              d - +3 ring of protection
MPRegen  0.13/turn              (no ring)

@: very slightly contaminated
A: no food or potions, fire vulnerability, cold resistance 1, negative energy
resistance 3, torment resistance, unbreathing
a: no special abilities


You were on level 4 of the Dungeon.
You were not hungry.

You visited 1 branch of the dungeon, and saw 5 of its levels.

You collected 39 gold pieces.

Inventory:

Hand Weapons
 e - a cursed -2 trident (weapon)
Armour
 a - a +0 robe (worn)
Jewellery
 d - a +3 ring of protection (left hand)
Scrolls
 c - a scroll of teleportation {!r, unknown}


   Skills:
 - Level 1.5 Dodging
 - Level 1.5 Stealth
 + Level 4.8 Spellcasting
 - Level 0.7 Conjurations
 * Level 4.8 Air Magic


You had 7 spell levels left.
You knew the following spells:

 Your Spells              Type           Power        Failure   Level  Hunger
a - Shock                 Conj/Air       ##..         4%          1    N/A
d - Airstrike             Air            ###.......   19%         4    N/A
z - Swiftness             Chrm/Air       ##......     9%          2    N/A

Your spell library contained the following spells:

 Spells                   Type           Power        Failure   Level  Hunger
 Static Discharge         Conj/Air       ##......     14%         3    N/A
 Lightning Bolt           Conj/Air       ##........   77%         5    N/A

Dungeon Overview and Level Annotations

Branches:
Dungeon (5/15)
 Temple: D:4-7

Altars:

Annotations:
D:4 Pikel


Innate Abilities, Weirdness & Mutations

You do not eat or drink.
Your flesh is vulnerable to fire.
You are immune to poison.
Your flesh is cold resistant. (rC+)
You are immune to negative energy. (rN+++)
You are immune to unholy pain and torment.
You can survive without breathing.


Message History

Aim: an orc, wielding a club and wearing a leather armour (moderately wounded)
The zap hits the orc.
The orc is almost dead.
The zap hits the orc.
You kill the orc!
Unknown command.
Casting: Shock (safe; 4% risk of failure)
Confirm with . or Enter, or press ? or * to list all spells.
Aiming: Shock (safe; 4% risk of failure)
Press: ? - help, Shift-Dir - straight line, f - orc wizard
Aim: an orc wizard, wielding a vampiric dagger and wearing a robe You miscast Shock.
You are very lightly contaminated with residual magic.
Nothing appears to happen.
The orc wizard points at you and mumbles some strange words.
The puff of frost hits you! You resist.
Casting: Shock (safe; 4% risk of failure)
Confirm with . or Enter, or press ? or * to list all spells.
Aiming: Shock (safe; 4% risk of failure)
Press: ? - help, Shift-Dir - straight line, f/p - orc wizard
Aim: an orc wizard, wielding a vampiric dagger and wearing a robe The zap hits the orc wizard.
The orc wizard is moderately wounded.
The zap hits the orc wizard.
The orc wizard is severely wounded.
Casting: Shock (safe; 4% risk of failure)
Confirm with . or Enter, or press ? or * to list all spells.
Aiming: Shock (safe; 4% risk of failure)
Press: ? - help, Shift-Dir - straight line, f/p - orc wizard
Aim: an orc wizard, wielding a vampiric dagger and wearing a robe (severely wounded)
The zap hits the orc wizard.
The orc wizard is almost dead.
The zap misses the orc wizard.
The orc priest shouts!
The orc priest calls down the wrath of Beogh upon you.
Beogh smites you!
* * * LOW HITPOINT WARNING * * *
Casting: Shock (safe; 4% risk of failure)
Confirm with . or Enter, or press ? or * to list all spells.
Aiming: Shock (safe; 4% risk of failure)
Press: ? - help, Shift-Dir - straight line, f/p - orc wizard
Aim: an orc wizard, wielding a vampiric dagger and wearing a robe (almost dead)
The zap misses the orc wizard.
The zap hits the orc wizard.
You kill the orc wizard!
You have reached level 6!
Your experience leads to an increase in your attributes!
Increase (S)trength, (I)ntelligence, or (D)exterity?
You feel clever.
The orc priest mumbles some strange prayers to Beogh against you.
Beogh smites you!
* * * LOW HITPOINT WARNING * * *
Casting: Shock (safe; 4% risk of failure)
Confirm with . or Enter, or press ? or * to list all spells.
Aiming: Airstrike (slightly dangerous; 19% risk of failure)
Press: ? - help, Dir - move target cursor, f - orc priest
Aim: an orc priest, wielding a hand axe The air twists around and strikes the orc priest!
The orc priest is heavily wounded.
Okay, then.
Evoke which item? (* to show all) (? for menu, Esc to quit)
Okay, then.
The orc priest calls down the wrath of Beogh upon you.
Beogh smites you!
You die...

...o...o#..............#
........#..............#
.......o#..............# ..#
#+#####..###...####### #
..####..####..###o..####..##..
.....(........................
..............................
)...............).............
................@...##..%.##.
..........##"..##...##....#
..........##...##...'.....#
######....##........#.....#
....##....##........#.....+
.....#.....#........##....#
.....#....##...##...##..<.#
.....#....##...##...>#....#
....###+####....'.#########


You could see an orc priest.

Vanquished Creatures
  A sky beast (D:4)
  A scorpion (D:5)
  A hound (D:4)
  An orc wizard (D:4)
  A worker ant (D:4)
  2 adders (D:4)
  A shadow imp (D:5)
  A dart slug (D:3)
  A leopard gecko (D:1)
  An orc (D:4)
  2 giant cockroaches (D:4)
  3 goblins
  3 hobgoblins
  3 jackals (D:4)
  2 bats
24 creatures vanquished.

Notes
Turn   | Place    | Note
-------+----------+-------------------------------------------
     0 | D:1      | Amnesiac the Mummy Air Elementalist began the quest for the Orb.
     0 | D:1      | Reached XP level 1. HP: 13/13 MP: 4/4
   310 | D:1      | Reached XP level 2. HP: 19/19 MP: 2/5
   314 | D:1      | Learned a level 2 spell: Swiftness
   503 | D:5      | Entered Level 5 of the Dungeon
   574 | D:5      | Noticed a scorpion
   596 | D:5      | Killed a scorpion
   596 | D:5      | Reached XP level 3. HP: 8/24 MP: 0/8
   596 | D:5      | Reached XP level 4. HP: 10/30 MP: 0/9
   928 | D:4      | Reached XP level 5. HP: 19/35 MP: 4/11
   975 | D:4      | Learned a level 4 spell: Airstrike
  1022 | D:4      | Noticed Pikel
  1022 | D:4      | Noticed a slave
  1022 | D:4      | Noticed a slave
  1022 | D:4      | Noticed a slave
  1022 | D:4      | Noticed a slave
  1213 | D:4      | Noticed a sky beast
  1223 | D:4      | Killed a sky beast
  1381 | D:4      | Reached XP level 6. HP: 17/41 MP: 6/13
  1383 | D:4      | Killed from afar by an orc priest

Skill      XL: |  1  2  3  4 |
---------------+-------------+-----
Air Magic      | 3 4 |  4.8
Spellcasting   | 3 4 |  4.8
Dodging        | |  1.5
Stealth        | |  1.5
Conjurations   | |  0.7

Action                   |  1- 3 |  4- 6 || total
-------------------------+-------+-------++-------
Melee: Unarmed           |     8 |     1 ||     9
 Cast: Shock             |    35 |    28 ||    63
       Airstrike         |       |     4 ||     4
  Use: Scroll            |       |     1 ||     1
Armor: Robe              |     3 |     2 ||     5
Dodge: Dodged            |    17 |    17 ||    34
